Map: [ESL] Oceanborn

Players

Harstem

  • Race: Protoss Protoss
  • Spawn Location: 11:00

Reynor - Winner!

  • Race: Zerg Zerg
  • Spawn Location: 5:00

Event: ESL SC2 Masters 2023 Winter (Regional)

VOD

Have the link to the VOD?

Description

Time

  • Played on: Nov. 10, 2023, 8:12 a.m.
  • Length: 10:42

All games in this series

Show
View Real Time Build Order
Export as new Build Order

Harstem Protoss 

Build Orders:  

Get SALT Encoding   

  12  0:00  Probe  
  13  0:12  Probe  
  14  0:18  Pylon  
  14  0:24  Probe  
  15  0:36  Probe (Chrono Boost)  
  15  0:38  Gateway  
  16  0:46  Probe (Chrono Boost)  
  17  0:52  Forge  
  17  1:09  Pylon  
  17  1:18  Pylon  
  17  1:19  Pylon  
  18  1:28  Photon Cannon  
  17  1:36  Pylon  
  17  1:37  Pylon  
  17  1:38  Pylon  
  17  1:39  Probe  
  18  1:40  Zealot (Chrono Boost)  
  20  1:59  Photon Cannon  
  20  2:00  Photon Cannon  
  19  2:06  Assimilator  
  19  2:08  Photon Cannon  
  19  2:13  Probe  
  20  2:33  Cybernetics Core  
  19  2:40  Nexus  
  17  2:44  Probe  
  17  2:49  Zealot (Chrono Boost)  
  20  2:56  Probe  
  21  3:01  Pylon  
  21  3:09  Assimilator  
  21  3:11  Probe  
  22  3:16  Adept (Chrono Boost)  
  24  3:23  Probe  
  25  3:36  Probe  
  23  3:48  Probe  
  24  3:52  Adept (Chrono Boost)  
  26  4:00  Probe  
  26  4:01  Stargate  
  27  4:05  Probe  
  28  4:12  Probe (Chrono Boost)  
  30  4:21  Probe (Chrono Boost)  
  30  4:24  Probe (Chrono Boost), Warp Gate  
  33  4:31  Probe (Chrono Boost)  
  33  4:32  Probe (Chrono Boost)  
  33  4:38  Probe  
  33  4:41  Probe  
  33  4:44  Oracle (Chrono Boost)  
  35  4:50  Probe  
  39  4:53  Probe  
  39  4:55  Pylon  
  40  5:02  Probe  
  40  5:05  Probe  
  42  5:11  Gateway, Oracle (Chrono Boost)  
  42  5:15  Probe  
  42  5:17  Probe  
  47  5:27  Probe  
  48  5:32  Probe  
  48  5:33  Nexus  
  49  5:37  Pylon  
  49  5:39  Probe  
  50  5:44  Oracle (Chrono Boost), Probe  
  54  5:55  Probe  
  54  5:56  Assimilator, Probe  
  56  5:59  Assimilator  
  56  6:07  Probe  
  56  6:08  Probe  
  58  6:12  Stalker  
  58  6:16  Pylon  
  60  6:19  Probe  
  60  6:20  Probe  
  60  6:21  Shield Battery  
  62  6:30  Protoss Ground Weapons Level 1 (Chrono Boost)  
  62  6:32  Twilight Council  
  62  6:34  Probe x2  
  62  6:35  Robotics Facility  
  63  6:44  Adept x2  
  63  6:46  Probe (Chrono Boost)  
  63  6:47  Probe (Chrono Boost)  
  68  6:50  Probe (Chrono Boost)  
  66  6:57  Probe x2 (Chrono Boost)  
  66  6:58  Gateway  
  66  6:59  Gateway  
  69  7:01  Probe (Chrono Boost)  
  69  7:03  Probe (Chrono Boost)  
  69  7:07  Gateway  
  71  7:08  Gateway  
  71  7:10  Probe  
  71  7:11  Sentry  
  71  7:12  Probe  
  71  7:13  Probe  
  75  7:16  Charge  
  75  7:22  Probe  
  76  7:24  Templar Archives  
  76  7:25  Probe  
  76  7:27  Warp Prism (Chrono Boost)  
  76  7:29  Probe  
  78  7:32  Assimilator  
  78  7:34  Pylon  
  80  7:37  Assimilator, Probe  
  80  7:39  Probe  
  80  7:41  Probe  
  83  7:45  Zealot  
  83  7:46  Pylon  
  83  7:48  Pylon  
  85  7:52  Probe  
  85  7:53  Pylon  
  85  7:55  Immortal (Chrono Boost)  
  90  8:06  High Templar x2  
  90  8:10  Archon  
  94  8:16  Psionic Storm  
  94  8:17  High Templar x2, Zealot x2  
  102  8:20  Pylon  
  102  8:22  Archon  
  102  8:28  Gateway  
  102  8:30  Gateway  
  102  8:38  Zealot x4  
  110  8:44  Probe  
  111  8:51  High Templar x2  
  111  8:55  Nexus  
  115  8:56  Pylon  
  112  9:03  High Templar  
  112  9:05  Zealot x3  
  120  9:10  Probe  
  120  9:12  Pylon  
  120  9:16  Pylon  
  121  9:19  Gateway  
  121  9:22  Gateway  
  121  9:26  High Templar x2  
  120  9:35  High Templar  
  120  9:36  Zealot x3  
  120  9:37  Zealot x2  
  130  9:40  Pylon  
  130  9:42  Shield Battery  
  130  9:44  Photon Cannon  
  130  9:47  Assimilator  
  130  9:49  Assimilator, Probe  
  131  9:57  Probe  
  131  9:58  Immortal (Chrono Boost)  
  130  10:02  High Templar x2  
  130  10:03  Zealot x4  
  144  10:08  Robotics Facility  
  135  10:17  Zealot x3  
  135  10:18  Probe  
  136  10:23  High Templar x2  
  136  10:28  Archon  
  138  10:29  Zealot x3  
  138  10:32  Archon  
  138  10:35  Zealot x2  
Show
View Real Time Build Order
Export as new Build Order

Reynor Zerg - Winner!

Build Orders: Hatch First 

Get SALT Encoding   

  12  0:00  Drone  
  13  0:12  Overlord  
  13  0:16  Drone  
  14  0:30  Drone x2  
  16  0:47  Hatchery  
  15  0:51  Drone  
  15  0:54  Drone  
  17  0:57  Drone  
  18  1:08  Extractor  
  17  1:13  Spawning Pool  
  17  1:17  Drone  
  17  1:20  Drone  
  19  2:00  Zergling x8  
  23  2:10  Zergling x2  
  23  2:12  Zergling x2  
  24  2:22  Zergling x2  
  24  2:23  Zergling x2  
  22  2:33  Zergling x2  
  22  2:34  Zergling x2  
  21  2:44  Drone x2  
  21  2:50  Queen  
  25  2:55  Drone  
  26  3:01  Overlord  
  26  3:03  Drone  
  27  3:07  Drone  
  28  3:19  Queen  
  30  3:20  Drone, Extractor  
  30  3:24  Drone  
  30  3:26  Drone  
  32  3:29  Drone  
  33  3:37  Overlord  
  33  3:39  Drone  
  32  3:42  Queen  
  32  3:46  Drone  
  35  3:51  Overlord  
  35  3:58  Drone  
  35  4:00  Drone  
  36  4:03  Drone x2  
  38  4:11  Drone x2  
  38  4:16  Zergling x2  
  41  4:18  Zergling x2  
  41  4:22  Hatchery  
  40  4:26  Zergling x2  
  40  4:27  Metabolic Boost  
  40  4:31  Zergling x4  
  43  4:35  Overlord  
  43  4:37  Drone  
  44  4:39  Drone  
  44  4:43  Queen  
  47  4:47  Drone x2  
  47  4:51  Drone x2  
  47  4:52  Drone  
  52  4:57  Queen  
  54  5:00  Overlord  
  54  5:03  Drone  
  54  5:04  Drone  
  56  5:07  Drone x2  
  58  5:14  Zergling x4  
  58  5:19  Overlord  
  60  5:23  Zergling x8  
  60  5:25  Queen  
  66  5:33  Drone x2  
  66  5:34  Overlord  
  68  5:37  Drone x2  
  68  5:40  Queen  
  72  5:44  Drone x2  
  72  5:45  Drone  
  72  5:49  Spore Crawler  
  74  5:53  Drone x2  
  74  5:54  Drone, Evolution Chamber  
  74  5:56  Spore Crawler  
  75  5:58  Overlord  
  75  5:59  Spore Crawler  
  75  6:01  Drone  
  75  6:03  Drone x2  
  76  6:05  Drone  
  76  6:06  Drone  
  76  6:08  Drone x2  
  76  6:10  Drone  
  81  6:13  Queen  
  81  6:17  Overlord  
  83  6:21  Zerg Melee Weapons Level 1, Drone  
  83  6:22  Drone x2  
  85  6:33  Drone x2  
  85  6:36  Drone x5, Hatchery  
  91  6:42  Lair  
  91  6:43  Drone  
  91  6:45  Drone  
  85  6:47  Drone  
  85  6:52  Zergling x8  
  85  6:54  Drone x3, Extractor  
  91  6:57  Drone  
  91  6:58  Extractor  
  91  6:59  Extractor  
  89  7:03  Overlord  
  89  7:04  Drone, Baneling Nest  
  89  7:06  Drone  
  89  7:08  Extractor  
  89  7:09  Extractor  
  89  7:13  Overlord  
  89  7:14  Drone x2  
  89  7:15  Drone x2  
  92  7:19  Drone  
  93  7:25  Drone, Overlord  
  93  7:26  Drone x2  
  93  7:27  Drone x2  
  98  7:30  Drone  
  98  7:31  Drone x2  
  101  7:37  Overlord  
  101  7:38  Zergling x2  
  101  7:39  Zergling x2  
  101  7:40  Pneumatized Carapace  
  101  7:41  Hydralisk Den  
  101  7:43  Zergling x6  
  105  7:48  Drone x3, Centrifugal Hooks  
  108  8:00  Overlord  
  108  8:05  Overlord  
  108  8:06  Drone x4, Spore Crawler  
  108  8:07  Extractor  
  110  8:15  Spore Crawler  
  110  8:17  Zerg Melee Weapons Level 2, Muscular Augments  
  110  8:18  Hydralisk x8  
  122  8:21  Hydralisk  
  122  8:23  Drone  
  122  8:24  Drone x2  
  122  8:25  Zergling x6, Hydralisk  
  122  8:26  Zergling x6  
  135  8:29  Overlord  
  135  8:32  Hydralisk  
  137  8:36  Overlord  
  137  8:37  Hydralisk  
  137  8:39  Hydralisk x2  
  142  8:43  Hydralisk x2  
  142  8:45  Zergling x2, Hydralisk  
  142  8:46  Zergling x2  
  149  8:48  Hydralisk  
  149  8:53  Hydralisk x2  
  149  8:54  Zergling x8  
  159  8:55  Drone  
  159  8:56  Drone x2  
  159  8:58  Hydralisk x2  
  166  9:10  Overseer  
  166  9:12  Baneling x4  
  166  9:14  Zergling x4  
  166  9:15  Overlord x2  
  166  9:17  Overlord  
  168  9:22  Grooved Spines  
  168  9:30  Overlord  
  168  9:31  Overlord x3  
  167  9:35  Zergling x20  
  168  9:39  Zergling x8  
  168  9:41  Zergling x2  
  173  9:46  Baneling  
  173  9:47  Baneling x23  
  173  9:49  Zergling x14  
  173  9:50  Zergling x2  
  181  9:55  Zergling x10  
  181  9:59  Baneling x3  
  185  10:00  Zergling x2, Baneling x2, Spine Crawler  
  185  10:03  Zergling x4  
  185  10:06  Zergling x8  
  191  10:13  Zergling x4  
  189  10:15  Hydralisk  
  189  10:21  Zergling x14  
Tags
 
Add a new tag
Caveats
  • Supply blocks, unpowered buildings, or Contaminate may cause inaccurate times.
  • Supply counts are checked every 10 seconds.